 Dungeon Crawl Stone Soup version 0.30-a0-341-g682706514a (webtiles) character file.

Game seed: 12227342600888864276

143064 MrRokkomies the Fighter (level 16, -4/155 (156) HPs)
             Began as an Armataur Gladiator on Oct 29, 2022.
             Was the Champion of Wu Jian.
             Slain by a jumping spider (5 damage)
             ... on level 4 of the Spider Nest on Nov 1, 2022.
             The game lasted 01:50:41 (37061 turns).

MrRokkomies the Fighter (Armataur Gladiator)       Turns: 37061, Time: 01:50:42

HP:   -4/155 (156)  AC: 29    Str: 33    XL:     16   Next: 81%
MP:   16/16         EV: 22    Int: 15    God:    Wu Jian [******]
Gold: 477           SH: 14    Dex: 16    Spells: 15/15 levels left

rFire   + + .      SeeInvis .    t - +5 flail (freeze)
rCold   + + +      Faith    .    Z - +2 kite shield "Fuorgh" {Str+4}
rNeg    + + .      Spirit   .    D - +6 scale mail of the Oily God {rC+ rN+ rCorr}
rPois   +          Reflect  .    k - -2 hat of the Alchemist {rElec rPois rF+ rC+ rN+ Will+ rMut rCorr}
rElec   +          Harm     .    Q - scarf {shadows}
rCorr   +          Roll     +    C - +2 pair of gloves {hurl}
rMut    +                        n - +6 lightning scales {swift, rElec}
Will    +++..                    X - amulet "Jeenliva" {Acrobat Will+ Str+4 Int+2 Dex+4}
Stlth   +.........               q - +4 ring of slaying
HPRegen 0.45/turn                M - ring of Sutecsul {rF+ rC+ Int+2}
MPRegen 0.15/turn

@: lethally poisoned (-4 -> -35), spiked, in a heavenly storm, glowing, lightly
drained, quick
A: large, rugged brown scales 3, deformed body, armoured tail, roll, long
tongue, awkward tongue
a: Renounce Religion, Wall Jump, Serpent's Lash, Heavenly Storm


You were on level 4 of the Spider Nest.
You worshipped Wu Jian.
Wu Jian was exalted by your worship.
You visited 5 branches of the dungeon, and saw 27 of its levels.
You also visited: Trove, Bailey and Ice Cave.

You collected 2383 gold pieces.
You spent 1906 gold pieces at shops.

Inventory:

Hand Weapons
 o - a +3 morningstar of freezing
 t - a +5 flail of freezing (weapon)
Missiles
 d - 5 throwing nets
 e - 19 javelins
 s - 53 poisoned darts
 x - 31 boomerangs (quivered)
 E - 27 curare-tipped darts
 I - 6 atropa-tipped darts
Armour
 k - the -2 hat of the Alchemist (worn) {rElec rPois rF+ rC+ rN+ Will+ rMut rCorr}
   (You found it in a treasure trove)

   rF:        It protects you from fire.
   rC:        It protects you from cold.
   rElec:     It insulates you from electricity.
   rPois:     It protects you from poison.
   rN:        It protects you from negative energy.
   rCorr:     It protects you from acid and corrosion.
   rMut:      It protects you from mutation.
   Will:      It increases your willpower.
 n - the +6 lightning scales (worn) {swift, rElec}
   (You found it in a treasure trove)

   It allows the wearer to cover ground more swiftly.
   rElec:     It insulates you from electricity.
 C - a +2 pair of gloves of hurling (worn)
 D - the +6 scale mail of the Oily God (worn) {rC+ rN+ rCorr}
   (You found it in a treasure trove)

   rC:        It protects you from cold.
   rN:        It protects you from negative energy.
   rCorr:     It protects you from acid and corrosion.
 Q - a scarf of shadows (worn)
 Z - the +2 kite shield "Fuorgh" (worn) {Str+4}
   (You found it in an ice cave)

   Str:       It affects your strength (+4).
Jewellery
 q - a +4 ring of slaying (left hand)
 w - a ring of see invisible
 M - the ring of Sutecsul (right hand) {rF+ rC+ Int+2}
   (You bought it in a shop on level 6 of the Dungeon)

   [ring of protection from fire]

   Int:       It affects your intelligence (+2).
   rF:        It protects you from fire.
   rC:        It protects you from cold.
 P - a ring of willpower
 R - a ring of positive energy
 X - the amulet "Jeenliva" (around neck) {Acrobat Will+ Str+4 Int+2 Dex+4}
   (You acquired it on level 14 of the Dungeon)

   [amulet of the acrobat]

   It increases your evasion while moving and waiting.
   Str:       It affects your strength (+4).
   Int:       It affects your intelligence (+2).
   Dex:       It affects your dexterity (+4).
   Will:      It increases your willpower.
Wands
 g - a wand of quicksilver (5)
 m - a wand of polymorph (4)
 p - a wand of charming (10)
 y - a wand of flame (39)
 B - a wand of digging (6)
 T - a wand of roots (18)
Scrolls
 b - a scroll of poison
 h - 3 scrolls of enchant armour
 j - 12 scrolls of teleportation
 G - 5 scrolls of identify
 H - 4 scrolls of magic mapping
 K - 2 scrolls of fog
 U - 2 scrolls of immolation
 V - 2 scrolls of brand weapon
Potions
 f - 2 potions of berserk rage
 l - a potion of might
 r - 3 potions of haste
 u - 2 potions of resistance
 v - a potion of lignification
 z - 6 potions of flight
 A - 5 potions of brilliance
 F - a potion of cancellation
 L - 3 potions of ambrosia
 N - 4 potions of invisibility
 S - 2 potions of magic
 Y - 2 potions of mutation
Miscellaneous
 c - a box of beasts
 i - a lightning rod (4/4)
 J - a phial of floods


   Skills:
 * Level 14.2 Fighting
 - Level 11.8(12.0) Maces & Flails
 - Level 2.6(8.0) Staves
 + Level 10.8 Throwing
 + Level 14.0 Armour
 - Level 9.0 Dodging
 - Level 8.0 Stealth
 - Level 12.0 Shields
 * Level 6.3 Evocations


You had 15 spell levels left.
You didn't know any spells.
Your spell library contained the following spells:

 Spells                   Type           Power      Damage    Failure   Level
 Apportation              Tloc           0%         N/A       58%         1
 Foxfire                  Conj/Fire      0%         2x1d4     58%         1
 Freeze                   Ice            0%         1d3       58%         1
 Magic Dart               Conj           0%         1d3       58%         1
 Necrotise                Necr           0%         1d4       58%         1
 Slow                     Hex            0%         N/A       58%         1
 Sting                    Tmut/Pois      0%         1d3       58%         1
 Summon Small Mammal      Summ           0%         N/A       58%         1
 Call Imp                 Summ           0%         N/A       75%         2
 Ensorcelled Hibernation  Hex/Ice        0%         N/A       75%         2
 Poisonous Vapours        Pois/Air       0%         N/A       75%         2
 Searing Ray              Conj           0%         2d4       75%         2
 Sublimation of Blood     Necr           0%         N/A       75%         2
 Wereblood                Tmut           0%         N/A       75%         2
 Confusing Touch          Hex            0%         N/A       92%         3
 Frozen Ramparts          Ice            0%         1d1       92%         3
 Hailstorm                Conj/Ice       0%         3d3       92%         3
 Kindle Blastsparks       Fire/Tloc/Air  0%         2d10      92%         3
 Mephitic Cloud           Conj/Pois/Air  0%         N/A       92%         3
 Summon Guardian Golem    Hex/Summ       0%         N/A       92%         3
 Vampiric Draining        Necr           0%         2d6       92%         3
 Airstrike                Air            0%         2d(0-16)  100%        4
 Animate Armour           Summ/Erth      0%         N/A       100%        4
 Animate Dead             Necr           0%         N/A       100%        4
 Cause Fear               Hex            0%         N/A       100%        4
 Fulminant Prism          Conj/Hex       0%         3d5       100%        4
 Ice Form                 Ice/Tmut       0%         N/A       100%        4
 Iskenderun's Mystic Bla  Conj/Tloc      0%         2d3       100%        4
 Leda's Liquefaction      Hex/Erth       0%         N/A       100%        4
 Olgreb's Toxic Radiance  Pois           0%         N/A       100%        4
 Petrify                  Tmut/Erth      0%         N/A       100%        4
 Summon Lightning Spire   Summ/Air       0%         N/A       100%        4
 Alistair's Intoxication  Tmut/Pois      0%         N/A       100%        5
 Blade Hands              Tmut           0%         N/A       100%        5
 Borgnjor's Vile Clutch   Necr/Erth      0%         N/A       100%        5
 Fireball                 Conj/Fire      0%         3d3       100%        5
 Irradiate                Conj/Tmut      0%         3d11      100%        5
 Lee's Rapid Deconstruct  Erth           0%         3d4*      100%        5
 Lightning Bolt           Conj/Air       0%         1d11      100%        5
 Metabolic Englaciation   Hex/Ice        0%         N/A       100%        5
 Summon Forest            Summ/Tloc      0%         N/A       100%        5
 Death Channel            Necr           0%         N/A       100%        6
 Eringya's Noxious Bog    Tmut/Pois      0%         N/A       100%        6
 Iron Shot                Conj/Erth      0%         9d1       100%        6
 Starburst                Conj/Fire      0%         6d3       100%        6
 Statue Form              Tmut/Erth      0%         N/A       100%        6
 Dragon Form              Tmut           0%         N/A       100%        7
 Orb of Destruction       Conj           0%         9d5       100%        7
 Spellforged Servitor     Conj/Summ      0%         N/A       100%        7
 Storm Form               Tmut/Air       0%         N/A       100%        7
 Summon Hydra             Summ           0%         N/A       100%        7
 Maxwell's Capacitive Co  Air            0%         ∞         100%        8
 Dragon's Call            Summ           0%         N/A       100%        9


Dungeon Overview and Level Annotations

Branches:
Dungeon (15/15)            Temple (1/1) D:5            Lair (5/5) D:8
 Shoals (0/4) Lair:2       Spider (4/4) Lair:3        Slime (0/5) Lair:5
    Orc (2/2) D:12            Elf (0/3) Orc:2        Vaults (0/5) D:14
 Depths (0/4) D:15         Bailey (visited)           IceCv (visited)

Altars:
Ashenzari
Cheibriados
Dithmenos
Elyvilon
Fedhas
Gozag
Hepliaklqana
Kikubaaqudgha
Makhleb
Nemelex Xobeh
Okawaru
Qazlal
Ru
Sif Muna
Trog
Uskayaw
Vehumet
Wu Jian
Xom
Yredelemnul
Zin
The Shining One
Jiyva

Shops:
D:5 :   D:6 =:   D:9 :   Orc:1 [[**[   Orc:2 =**([

Annotations:
D:5 3 runed translucent doors, drbonez's ghost, novice GnCA
Lair:4 2 runed translucent doors, Kazma's ghost, journeyman HuFi
Orc:2 3 runed translucent doors, Komishar's ghost, adept DjFE


Innate Abilities, Weirdness & Mutations

You are completely covered in rugged brown scales. (AC +3, +7% HP)
Armour fits poorly on your strangely shaped body.
You have a long armoured tail.
You roll when moving toward enemies. (Rampage)
Your long tongue fully drains potion bottles. (2x potion effects)
Your tongue gives you trouble enunciating. (1.5x scroll delay)


Message History

The emperor scorpion attacks as you move away!
The emperor scorpion closely misses you.
The emperor scorpion claws you.
* * * LOW HITPOINT WARNING * * *
The emperor scorpion closely misses you.
The barbed spikes dig painfully into your body as you move.
* * * LOW HITPOINT WARNING * * *
You hear a skittering sound.
You hear a faint skittering sound. x2
The emperor scorpion barely misses you.
The emperor scorpion completely misses you. x2
The steelbarb worm attacks as you move away!
The steelbarb worm misses you.
The barbed spikes dig painfully into your body as you move.
* * * LOW HITPOINT WARNING * * *
You hear a skittering sound.
You hear a faint skittering sound.
The jumping spider leaps!
The emperor scorpion stings you!
* * * LOW HITPOINT WARNING * * *
You are lethally poisoned!
The emperor scorpion poisons you! The emperor scorpion misses you. x2
The jorogumo completely misses you.
You sock the steelbarb worm! You freeze the steelbarb worm.
The steelbarb worm is moderately wounded.
You feel less invigorated.
You feel less confused.
* * * LOW HITPOINT WARNING * * *
You feel extremely sick.
The steelbarb worm hits you but does no damage.
You block the jorogumo's attack.
The emperor scorpion stings you but does no damage.
You block the emperor scorpion's attack.
The emperor scorpion claws you but does no damage.
The steelbarb worm hits you but does no damage.
You sock the jorogumo! You freeze the jorogumo.
You kill the jorogumo!
The Council accepts your kill.
* * * LOW HITPOINT WARNING * * *
You feel extremely sick.
You hear a skittering sound.
You hear a faint skittering sound. x2
You block the jumping spider's attack. The jumping spider bites you.
You die...

### ..# ##.#
.....###..#
..(#....§§§#
.......^§§s#
..$....☼s§@#
.....☼☼§ssw#
....§§☼§s§##
....☼☼ss☼s○#
...(§§ysss☼#
.....§ys§☼§§#
s....☼§☼○§§§#
H..$.§☼§☼#☼s#
...s.§☼ss§☼§#


You could see 2 emperor scorpions, a steelbarb worm, a jumping spider and 2
redbacks.

Vanquished Creatures
  Jorgrun (D:12)
  Frances (D:14)
  Agnes (Spider:2)
  2 emperor scorpions
  4 ghost moths
  A broodmother (Spider:3)
  A stone giant (Orc:2)
  A spark wasp (Spider:2)
  Snorg (Orc:1)
  A fire dragon (Lair:5)
  3 ettins
  Josephine (Orc:1)
  3 entropy weavers
  Fannar (Orc:1)
  5 hydras
  A rakshasa (D:15)
  2 ironbound frosthearts (IceCv)
  Harold (Lair:1)
  2 jorogumos
  3 boulder beetles
  An ogre mage (D:15)
  3 centaur warriors
  2 death knights
  10 two-headed ogres
  A tengu warrior (D:11)
  15 death yaks
  Urug (D:12)
  An orc high priest (Orc:1)
  A shock serpent (D:13)
  2 soul eaters
  Sonja (Lair:1)
  5 pharaoh ants
  A sixfirhy (D:13)
  A skeletal warrior (D:15)
  4 deep trolls
  A steelbarb worm (Spider:2)
  3 orb spiders
  A lindwurm (Lair:5)
  2 orc knights (Orc:2)
  A phantasmal warrior (D:15)
  2 wizards (D:15)
  Pikel (D:5)
  3 deep elf pyromancers
  11 wolf spiders
  4 ugly things
  7 cyclopes
  3 orc sorcerers
  A moth of wrath (Spider:1)
  A manticore (D:15)
  8 elephants (Lair:4)
  3 merfolk sirens (Lair:2)
  An ice statue (IceCv)
  7 black mambas
  An eye of devastation (D:12)
  A rust devil (D:10)
  3 molten gargoyles (Lair:5)
  An unseen horror (D:12)
  2 centaur skeletons (D:14)
  6 cane toads
  4 torpor snails
  7 komodo dragons
  6 rime drakes
  8 demonic crawlers
  A freezing wraith (D:15)
  A tengu conjurer (D:15)
  A queen bee (Spider:2)
  A merfolk (Lair:2)
  8 trolls
  2 hornets
  13 polar bears
  7 meliai
  21 tarantellas
  4 raiju (D:13)
  29 blink frogs
  6 slime creatures (D:12)
  3 dream sheep (Lair:1)
  A snapping turtle (D:12)
  5 jumping spiders
  Sigmund (D:7)
  14 wyverns
  A vampire (D:11)
  18 culicivoras
  A shadow (D:12)
  8 wraiths
  49 yaks
  Edmund (D:4)
  2 steam dragons
  8 vampire mosquitoes
  21 redbacks
  5 basilisks
  2 wargs
  2 swamp worms (D:12)
  4 acid dragons
  4 hell hounds (Lair:5)
  9 water moccasins
  2 black bears
  21 orc warriors
  5 ice beasts
  4 sky beasts
  35 wolves
  9 ogres
  7 centaurs
  4 lemures (D:5)
  2 phantoms
  9 kobold brigands
  A gnoll sergeant (D:12)
  4 scorpions
  10 bullfrogs
  4 necrophages
  16 wights
  21 killer bees
  6 howler monkeys
  8 electric eels
  5 lava snakes (Lair:5)
  3 hounds
  A quasit (D:10)
  13 orc priests
  A jelly (D:6)
  A gnoll bouda (D:8)
  4 iguanas
  20 orc wizards
  Robin (D:2)
  11 adders
  9 gnolls
  A shadow imp (D:5)
  A white imp (D:7)
  2 ufetubi (D:6)
  2 worms
  A dart slug (D:2)
  89 orcs
  4 bats
  5 endoplasms
  7 giant cockroaches
  20 goblins
  15 hobgoblins
  7 jackals
  24 kobolds
  A quokka (D:1)
  6 ball pythons
  17 frilled lizards
  2 rats
878 creatures vanquished.

Vanquished Creatures (collateral kills)
  An ettin (Orc:2)
  A boulder beetle (D:14)
  A skeletal warrior (D:14)
  An orc knight (D:14)
  3 cyclopes (Orc:2)
  A centaur skeleton (D:14)
  An orc warrior (Orc:2)
  A boggart (D:14)
  An ogre (Orc:2)
  A kobold brigand (D:14)
  An orc priest (D:14)
  2 orc wizards (D:14)
  A boggart skeleton (D:14)
  2 orcs (Orc:2)
  A kobold (D:14)
19 creatures vanquished.

Vanquished Creatures (others)
  A cyclops (Orc:2)
  An adder (D:4)
  A demonic plant (D:10)
  25 fungi
  38 plants
66 creatures vanquished.

Grand Total: 963 creatures vanquished

Notes
Turn   | Place    | Note
-------+----------+-------------------------------------------
     0 | D:1      | MrRokkomies the Armataur Gladiator began the quest for the
                  | Orb.
     0 | D:1      | Reached XP level 1. HP: 18/18 MP: 1/1
   124 | D:1      | Reached XP level 2. HP: 25/25 MP: 2/2
   411 | D:1      | Reached skill level 1 in Armour
   411 | D:1      | Reached skill level 1 in Stealth
   778 | D:1      | Reached XP level 3. HP: 31/32 MP: 3/3
   932 | D:2      | Noticed Robin
   942 | D:2      | Killed Robin
   943 | D:2      | Reached XP level 4. HP: 18/39 MP: 4/4
  1875 | D:3      | Reached XP level 5. HP: 41/48 MP: 5/5
  2537 | D:4      | Noticed a phantom
  2537 | D:4      | Noticed a hornet
  2553 | D:4      | Killed a hornet
  2554 | D:4      | Reached XP level 6. HP: 28/55 MP: 6/6
  2735 | D:4      | Reached XP level 7. HP: 63/64 MP: 7/7
  3032 | D:4      | Noticed Edmund
  3046 | D:4      | Killed Edmund
  3106 | D:4      | Reached skill level 5 in Fighting
  3793 | D:5      | Entered Level 5 of the Dungeon
  3793 | D:5      | Found a runed translucent gate.
  3798 | D:5      | Found an iron altar of Okawaru.
  4010 | D:5      | Noticed Pikel
  4016 | D:5      | Reached XP level 8. HP: 60/73 MP: 8/8
  4030 | D:5      | Reached skill level 5 in Armour
  4033 | D:5      | Killed Pikel
  4034 | D:5      | Reached skill level 5 in Stealth
  4244 | D:5      | Found a staircase to the Ecumenical Temple.
  4253 | Temple   | Entered the Ecumenical Temple
  4484 | D:5      | Found Jeepazips's Book Shoppe.
  4811 | D:5      | Found a runed translucent gate.
  4811 | D:5      | Found a runed translucent gate.
  4817 | D:5      | Noticed drbonez's ghost (novice GnCA)
  5121 | D:6      | Found Cepnoffo's Jewellery Shop.
  5170 | D:6      | Reached XP level 9. HP: 29/84 MP: 9/9
  5376 | D:6      | Found Hoistruef's Book Boutique.
  5740 | D:6      | Found a bloodstained altar of Trog.
  5764 | D:6      | Found a shimmering blue altar of Sif Muna.
  5768 | D:6      | Got Sif Muna's Dissertation on Forceful Frostbite
  6202 | D:7      | Reached skill level 5 in Dodging
  6477 | D:7      | Found a flagged portal.
  6486 | Bailey   | Entered a bailey
  6487 | Bailey   | Upgraded the game from 0.30-a0-330-g8f2769a82d to
                  | 0.30-a0-335-ge5acde7520
  6805 | Bailey   | Reached XP level 10. HP: 51/96 MP: 10/10
  7006 | Bailey   | Found a bloodstained altar of Trog.
  7347 | D:7      | Noticed Sigmund
  7354 | D:7      | Killed Sigmund
  8161 | D:8      | Found an opulent altar of Gozag.
  8161 | D:8      | Found a snail-covered altar of Cheibriados.
  8161 | D:8      | Found a glowing silver altar of Zin.
  8161 | D:8      | Found a shadowy altar of Dithmenos.
  8169 | D:8      | Found an ornate altar of the Wu Jian Council.
  8174 | D:8      | Found a blossoming altar of Fedhas.
  8177 | D:8      | Became a worshipper of the Wu Jian Council
  8418 | D:8      | Noticed a two-headed ogre
  8421 | D:8      | Found a hazy altar of Hepliaklqana.
  8427 | D:8      | Killed a two-headed ogre
  8428 | D:8      | Reached skill level 1 in Maces & Flails
  8598 | D:8      | Noticed a death knight
  8932 | D:8      | Reached * piety under Wu Jian
  9339 | D:8      | Found a staircase to the Lair.
  9382 | D:8      | Paralysed by a hornet for 1 turns
  9386 | D:8      | Reached skill level 10 in Fighting
  9386 | D:8      | Reached XP level 11. HP: 52/105 MP: 11/11
  9969 | D:9      | Reached ** piety under Wu Jian
 10076 | D:9      | Identified a scroll of acquirement
 10076 | D:9      | Acquired the +2 barding of the Peculiar Mice {Str+3 Slay+2}
 10180 | D:9      | Found Vualazeb's Book Boutique.
 10779 | D:10     | Entered Level 10 of the Dungeon
 10779 | D:10     | Noticed a soul eater
 10812 | D:10     | Noticed a two-headed ogre
 10812 | D:10     | Found a basalt altar of Yredelemnul.
 10844 | D:9      | Killed a soul eater
 10845 | D:9      | Reached skill level 5 in Maces & Flails
 11112 | D:8      | Killed a death knight
 11528 | Lair:1   | Entered Level 1 of the Lair of Beasts
 12057 | Lair:1   | Noticed Sonja
 12071 | Lair:1   | Killed Sonja
 12347 | Lair:1   | Reached skill level 10 in Armour
 12467 | Lair:1   | Noticed Harold
 12476 | Lair:1   | Killed Harold
 12476 | Lair:1   | Reached *** piety under Wu Jian
 12477 | Lair:1   | Reached XP level 12. HP: 106/117 MP: 12/12
 13465 | Lair:2   | Noticed a seven-headed hydra
 13475 | Lair:2   | Killed a seven-headed hydra
 13935 | Lair:2   | Found a staircase to the Shoals.
 14690 | Lair:3   | Noticed a five-headed hydra
 14702 | Lair:3   | Killed a five-headed hydra
 15182 | D:6      | Bought the ring of Sutecsul {rF+ rC+ Int+2} for 604 gold
                  | pieces
 15389 | Lair:3   | Found a hole to the Spider Nest.
 15399 | Lair:3   | Reached **** piety under Wu Jian
 16195 | Lair:4   | Noticed a death yak
 16321 | Lair:3   | Killed a death yak
 16562 | Lair:4   | Noticed a death yak
 16562 | Lair:4   | Noticed a death yak
 16563 | Lair:4   | Noticed a death yak
 16872 | Lair:4   | Found a large runed translucent door.
 16873 | Lair:4   | Found a large runed translucent door.
 16887 | Lair:4   | Noticed Kazma's ghost (journeyman HuFi)
 17037 | Lair:4   | Noticed an eight-headed hydra
 17043 | Lair:4   | Killed an eight-headed hydra
 17044 | Lair:4   | Reached XP level 13. HP: 106/127 MP: 13/13
 18169 | Lair:4   | Upgraded the game from 0.30-a0-335-ge5acde7520 to
                  | 0.30-a0-341-g682706514a
 18187 | Lair:5   | Entered Level 5 of the Lair of Beasts
 18496 | Lair:5   | Found a staircase to the Slime Pits.
 18497 | Lair:5   | Found a viscous altar of Jiyva.
 18616 | Lair:5   | Reached skill level 10 in Maces & Flails
 18772 | Lair:5   | Reached ***** piety under Wu Jian
 19213 | Lair:5   | Noticed a fire dragon
 19434 | Lair:5   | Found a large runed translucent door.
 19435 | Lair:5   | Found a large runed translucent door.
 19573 | Lair:5   | Reached XP level 14. HP: 138/138 MP: 14/14
 19583 | Lair:5   | Reached skill level 5 in Throwing
 21490 | D:11     | Found a frozen archway.
 21571 | IceCv    | Entered an ice cave
 21715 | IceCv    | Identified the +2 kite shield "Fuorgh" {Str+4}
 22385 | IceCv    | Got Jiluisat's Reference Book on Congelation
 22574 | IceCv    | Reached skill level 1 in Shields
 23826 | D:12     | Noticed Jorgrun
 23855 | D:12     | Killed Jorgrun
 23856 | D:12     | Reached skill level 5 in Shields
 24140 | D:12     | Found a staircase to the Orcish Mines.
 24275 | D:12     | Noticed Urug
 24285 | D:12     | Killed Urug
 24577 | D:12     | Reached XP level 15. HP: 123/144 MP: 13/15
 24584 | D:12     | Reached ****** piety under Wu Jian
 24914 | D:12     | Found a portal to a secret trove of treasure.
 24922 | D:12     | You paid a toll of a +4 ring of slaying to enter a treasure
                  | trove
 24923 | Trove    | Entered a treasure trove
 24925 | Trove    | Found the +6 lightning scales {swift, rElec}
 24926 | Trove    | Found the -2 hat of the Alchemist {rElec rPois rF+ rC+ rN+
                  | Will+ rMut rCorr}
 24940 | Trove    | Identified the +1 helmet "Rubrug" {Will+ Str+4 Int-2
                  | Stlth+}
 24944 | Trove    | Identified the +2 leather armour "Ceguk" {rN+ Will- Dex+4}
 24947 | Trove    | Identified the +0 barding of Pathos {rElec rF+ rCorr}
 24948 | Trove    | Identified the +1 helmet of the Tundras {rPois rC+ Stlth+}
 24952 | Trove    | Identified the +6 scale mail of the Oily God {rC+ rN+
                  | rCorr}
 24953 | Trove    | Identified the +0 ring mail of Patterns {+Inv rN+ Dex+4}
 24956 | Trove    | Identified the +1 barding "Uwautic" {rCorr MP+9 Dex+4}
 25350 | Orc:1    | Entered Level 1 of the Orcish Mines
 25377 | Orc:1    | Noticed Josephine
 25380 | Orc:1    | Found Pasiriu's Assorted Antiques.
 25395 | Orc:1    | Killed Josephine
 25637 | Orc:1    | Found Ycuon's Assorted Antiques.
 25669 | Orc:1    | Found a burning altar of Makhleb.
 25677 | Orc:1    | Found Xillog's Antique Armour Boutique.
 25804 | Orc:1    | Noticed Snorg
 25805 | Orc:1    | Found Ujuusm's Antique Armour Boutique.
 25815 | Orc:1    | Killed Snorg
 25914 | Orc:1    | Noticed Fannar
 25929 | Orc:1    | Killed Fannar
 26035 | Orc:1    | Found Cilofox's Armour Boutique.
 26099 | Orc:2    | Entered Level 2 of the Orcish Mines
 26103 | Orc:2    | Found a staircase to the Elven Halls.
 26117 | Orc:2    | Found Higiall's Jewellery Shoppe.
 26136 | Orc:2    | Found Susm's General Store.
 26154 | Orc:2    | HP: 7/140 [cyclops (14)]
 26421 | Orc:2    | Found Koegedisikh's Antique Weapon Emporium.
 27365 | Orc:2    | Found Munada's General Store.
 27694 | Orc:2    | Found Feazief's Antique Armour Boutique.
 27742 | Orc:2    | Found a runed translucent gate.
 27747 | Orc:2    | Found a runed translucent gate.
 27747 | Orc:2    | Found a runed translucent gate.
 27748 | Orc:2    | Noticed Komishar's ghost (adept DjFE)
 28077 | D:6      | Bought a +4 ring of slaying for 1092 gold pieces
 28514 | D:13     | Found the +8 storm bow {elec, penet}
 28928 | D:13     | Reached skill level 10 in Shields
 29101 | D:13     | Found an ornate altar of the Wu Jian Council.
 29451 | D:14     | Noticed Frances
 29460 | D:14     | Killed Frances
 29465 | D:14     | Acquired the amulet "Jeenliva" {Acrobat Will+ Str+4 Int+2
                  | Dex+4}
 29678 | D:14     | HP: 6/144 [centaur warrior/arrow (16)]
 29975 | D:14     | Got Luwuh's Monograph on Terrestrial Confrontation
 30049 | D:14     | Found a gate to the Vaults.
 30640 | D:15     | Entered Level 15 of the Dungeon
 30733 | D:15     | Found a staircase to the Depths.
 31555 | D:15     | Reached skill level 10 in Throwing
 31930 | D:15     | Reached XP level 16. HP: 142/153 MP: 16/16
 31935 | D:15     | Reached skill level 1 in Evocations
 32272 | Spider:1 | Entered Level 1 of the Spider Nest
 33441 | Orc:2    | Bought a ring of see invisible for 210 gold pieces
 34412 | Spider:2 | Noticed Agnes
 34664 | Spider:2 | Killed Agnes
 35926 | Spider:2 | Reached skill level 5 in Evocations
 36733 | Spider:3 | Identified the +7 rapier of the Imperium {chaos, rC+ Dex+5}
 36977 | Spider:4 | Entered Level 4 of the Spider Nest
 37031 | Spider:4 | Paralysed by a jorogumo for 1 turns
 37052 | Spider:4 | HP: 7/155 [redback[a jorogumo] (11)]
 37052 | Spider:4 | HP: 2/155 [tarantella (5)]
 37061 | Spider:4 | HP: 1/155 [poisoned by an emperor scorpion]
 37061 | Spider:4 | Slain by a jumping spider

Illustrated notes

Levels and vault maps discovered:
D:1:      ncdulo_watergridlock, layout_loops_ring,
          wander_ebering_terrifying_dragon_lair
D:2:      layout_basic, uniq_robin
D:3:      layout_loops_corners, hangedman_decor_points
D:4:      minmay_octagon_keep, layout_loops_ring, uniq_edmund
D:5:      layout_loops_ring, mainiacjoe_overflow_tiny_flanked, temple_green,
          gammafunk_ghost_necromancy, nicolae_inconvenience_store,
          minmay_lizard_king, uniq_pikel
D:6:      layout_basic, nzn_overflow_gifts_of_might_and_magic, serial_shops,
          nicolae_shop_waterfront, shop
D:7:      layout_gridville, enter_bailey_2, chequers_big_river, sigmund_army
D:8:      minmay_clustersquares, layout_basic, minmay_overflow_temple_hex,
          nzn_hepliaklqana_mist_gate, hellmonk_lair_entry_icy
D:9:      layout_gridville, serial_shops, nicolae_shop_advertising_works
          [nicolae_subvault_shop_adworks]
D:10:     layout_cross, lemuel_crystal_altar, serial_demonic, serial_demonic_e,
          serial_demonic_b, serial_demonic_d, serial_demonic_c
D:11:     layout_loops_ring, portal_ice_cave_rime, minmay_diced_spiral
D:12:     layout_roguey, hiddenorc2_lemuel, nicolae_trove_entry_columns,
          uniq_urug, uniq_jorgrun
D:13:     minmay_shoctagon, layout_rooms, serial_co_window_serial,
          co_window_corner_a, co_window_corner_a, co_window_paths_b,
          co_window_paths_b, co_window_of_opportunity_a, co_window_paths_c,
          co_window_unsneaky_path_d, co_window_of_opportunity_c,
          co_window_corner_b, co_window_4corner_a, glass_columns_b,
          glass_columns_c, glass_columns_b, glass_columns_a,
          nicolae_wu_jian_wuxing_cycle
D:14:     layout_cave_pods, hangedman_vaults_entry_quadrant_bands,
          amcnicky_mini_pool_small, uniq_frances
D:15:     hangedman_depths_entry_civil_slaughter, layout_basic,
          serial_bayou_lagoon_a
Temple:   minmay_temple_curvy_loop
Lair:1:   dreamdust_cave_troll, layout_loops_ring, lemuel_fruit_tree,
          uniq_sonja, uniq_harold
Lair:2:   layout_cave_pods, elwin_shoals_entry_stream,
          nicolae_quartered_pool_medium
Lair:3:   layout_concentric_octagons, spider_nest_entry_web_field
Lair:4:   layout_long_grid, ebering_ghost_disaster_area, beast_lair_carwin_9
Lair:5:   cheibrodos_lair_end_hotspot, layout_cave_pods, slime_entry_1,
          chequers_serial_rivers_large_a, serial_bayou_crossing
Spider:1: layout_spider_delve, nicolae_spider_claw_tunnel
Spider:2: layout_spider_delve, special_room [special_room_bee], drop_trap,
          nicolae_spider_twisty_arc_passages, uniq_agnes
Spider:3: layout_spider_delve, nicolae_spider_cling_halls
Spider:4: grunt_spider_rune_circles
Orc:1:    layout_diamond_mine, basic_altar, serial_shops,
          nicolae_shop_hallway_plus, nicolae_diamond_shop, nicolae_square_shop,
          nicolae_square_shop, shop_statue, uniq_fannar, uniq_snorg,
          uniq_josephine
Orc:2:    grunt_orc_gardens, layout_diamond_mine, grunt_orc_garden,
          grunt_orc_garden, grunt_orc_garden, grunt_orc_garden,
          ebering_ghost_rock_garden, serial_shops, nicolae_shop_stone

Skill      XL: |  1  2  3  4  5  6  7  8  9 10 11 12 13 14 15 16 |
---------------+-------------------------------------------------+-----
Fighting       | 2 3 4 5 7 8 10 11 12 13 14 | 14.2
Armour         | 1 2 3 4 6 7 8 10 11 12 13 14 | 14.0
Stealth        | 1 2 3 4 6 7 8 |  8.0
Dodging        | 3 4 5 6 7 8 9 |  9.0
Maces & Flails | 3 6 8 10 11 | 11.8
Throwing       | 4 7 10 | 10.8
Shields        | 5 12 | 12.0
Evocations     | 6 |  6.3
Staves         | |  2.6

Action                   |  1- 3 |  4- 6 |  7- 9 | 10-12 | 13-15 | 16-18 || total
-------------------------+-------+-------+-------+-------+-------+-------++-------
Melee: Quarterstaff      |    86 |    70 |   212 |       |       |       ||   368
       Tailslap          |     6 |    17 |    60 |   138 |   266 |    78 ||   565
       Dagger            |       |    37 |   168 |    12 |       |       ||   217
       Punch             |       |     1 |     1 |    11 |    15 |       ||    28
       Whip              |       |       |       |   545 |    36 |       ||   581
       Flail             |       |       |       |   209 |  1500 |   473 ||  2182
Throw: Dart              |       |     2 |    16 |    14 |    39 |       ||    71
       Throwing net      |       |       |     1 |     2 |       |       ||     3
       Boomerang         |       |       |     1 |     3 |       |   110 ||   114
Invok: Whirlwind         |       |       |       |   135 |   589 |   186 ||   910
       Serpent's Lash    |       |       |       |     1 |     1 |       ||     2
       Heavenly Storm    |       |       |       |       |     1 |     1 ||     2
 Abil: Wall Jump         |       |       |       |       |       |     2 ||     2
Evoke: Wand              |       |     3 |       |     1 |    17 |       ||    21
       Lightning rod     |       |       |       |       |       |     4 ||     4
  Use: Scroll            |       |     6 |     5 |     9 |    13 |     6 ||    39
       Potion            |       |       |     6 |     5 |    13 |     5 ||    29
 Stab: Held in net/web   |       |       |     1 |       |       |       ||     1
       Sleeping          |       |       |       |       |     4 |     2 ||     6
       Distracted        |       |       |       |       |     2 |     2 ||     4
Armor: Leather armour    |     4 |       |       |       |       |       ||     4
       Chain mail        |    27 |    54 |   276 |   518 |   615 |       ||  1490
       Scale mail        |       |       |       |       |   280 |   365 ||   645
Dodge: Dodged            |    21 |    26 |   133 |   296 |   507 |   333 ||  1316
Block: Buckler           |       |       |       |       |   232 |       ||   232
       Kite shield       |       |       |       |       |    81 |   433 ||   514

Table legend: (Time is in decaauts)
 A = Elapsed time spent in this place.
 B = Non-inter-level travel time spent in this place.
 C = Inter-level travel time spent in this place.
 D = Time resting spent in this place.
 E = Time spent auto-exploring this place.
 F = Levels seen in this place.
 G = Mean time per level.
                   A        B        C        D        E       F      G
               +--------+--------+--------+--------+--------+-----+--------+
         Total |  36428 |  33842 |   2586 |   5950 |  22226 |  30 | 1214.3 |
       Dungeon |  18636 |  17206 |   1430 |   2902 |  11394 |  15 | 1242.4 |
        Temple |    211 |    189 |     22 |      0 |    186 |   1 |  211.0 |
          Lair |   9138 |   8219 |    919 |   1310 |   5870 |   5 | 1827.6 |
   Spider Nest |   4015 |   3943 |     72 |    930 |   2302 |   4 | 1003.8 |
  Orcish Mines |   2568 |   2426 |    142 |    312 |   1661 |   2 | 1284.0 |
         Trove |    102 |    102 |      0 |      0 |      0 |   1 |  102.0 |
        Bailey |    566 |    566 |      0 |    264 |     95 |   1 |  566.0 |
      Ice Cave |   1189 |   1189 |      0 |    230 |    715 |   1 | 1189.0 |
               +--------+--------+--------+--------+--------+-----+--------+

Top non-repeatable levels by time:
  Lair:3: 2167 daAuts
  Lair:5: 2010 daAuts
     D:7: 2003 daAuts
     D:8: 1849 daAuts
  Lair:1: 1845 daAuts
     D:9: 1777 daAuts
   Orc:2: 1774 daAuts
Spider:2: 1624 daAuts
  Lair:4: 1561 daAuts
  Lair:2: 1553 daAuts
    D:12: 1534 daAuts
Spider:1: 1441 daAuts
    D:14: 1331 daAuts
     D:4: 1259 daAuts
    D:13: 1205 daAuts
